 Dungeon Crawl Stone Soup version 0.29.1-1-gd02db6906a (webtiles) character file.

Game seed: 15167687698517635922

33 styxcanada the Sneak (level 3, 0/18 HPs)
             Began as a Spriggan Brigand on Sept 29, 2022.
             Slain by a goblin
             ... wielding a +0 club
             ... led by Robin
              (5 damage)
             ... on level 2 of the Dungeon.
             The game lasted 00:03:28 (1144 turns).

styxcanada the Sneak (Spriggan Brigand)             Turns: 1144, Time: 00:03:29

Health: 0/18       AC:  3    Str:  7    XL:     3   Next: 12%
Magic:  13/13      EV: 17    Int: 12    God:
Gold:   115        SH:  0    Dex: 18    Spells: 2/2 levels left

rFire   . . .      SeeInvis +   a - +2 dagger
rCold   . . .      Faith    .   (no shield)
rNeg    . . .      Spirit   .   b - +0 robe
rPois   .          Reflect  .   (helmet restricted)
rElec   .          Harm     .   c - +0 cloak
rCorr   .          Rampage  .   (gloves unavailable)
Will    .....                   (boots unavailable)
Stlth   ++++......              (no amulet)
HPRegen 0.06/turn               l - ring of magical power
MPRegen 0.13/turn               (no ring)

@: very quick
A: very small, no large weapons, unfitting armour, see invisible, speed 3
a: no special abilities


You were on level 2 of the Dungeon.
You visited 1 branch of the dungeon, and saw 2 of its levels.

You collected 115 gold pieces.

Inventory:

Hand Weapons
 a - a +2 dagger (weapon)
Missiles
 d - 7 poisoned darts (quivered)
 e - 3 curare-tipped darts
 f - 15 stones
 k - 2 boomerangs
Armour
 b - a +0 robe (worn)
 c - a +0 cloak (worn)
Jewellery
 l - a ring of magical power (left hand)
Scrolls
 h - a scroll of teleportation {unknown}
 i - a scroll of identify {unknown}
 m - a scroll of fear {unknown}
Potions
 g - a potion of flight {unknown}
 j - a potion of curing {unknown}
 n - a potion of heal wounds {unknown}


   Skills:
 * Level 1.8 Fighting
 + Level 2.2 Short Blades
 + Level 2.1 Throwing
 * Level 2.2 Dodging
 * Level 6.9 Stealth


You had 2 spell levels left.
You didn't know any spells.
Your spell library was empty.

Dungeon Overview and Level Annotations

Branches:
Dungeon (2/15)

Altars:

Annotations:
D:2 Robin


Innate Abilities, Weirdness & Mutations

You are very small and have problems with some larger weapons.
You are too small for most types of armour.
You have supernaturally acute eyesight. (SInv)
You cover ground extremely quickly. (Speed+++)


Message History

The goblin hits you with a +0 club.
The goblin shoots a sling bullet.
The sling bullet misses you.
You closely miss the goblin.
The goblin is heavily wounded.
The goblin completely misses you.
The goblin shoots a sling bullet.
The sling bullet completely misses you.
You hit the goblin.
You kill the goblin!
Robin of the Strong Arm comes into view.
They are wielding a +0 mace.
The goblin shoots a sling bullet.
The sling bullet closely misses you.
Robin shouts!
You hit the frilled lizard.
You kill the frilled lizard!
Robin throws the goblin at you!
Robin roars a battlecry!
The goblin goes into a battle-frenzy!
Items here: )))) ††.
You hit the goblin.
The goblin is heavily wounded.
The goblin misses you. Robin throws the goblin at you!
You hit the goblin.
You kill the goblin!
The goblin shoots a sling bullet.
The sling bullet misses you.
The sling bullet hits the goblin!
The goblin dies!
You see here a +0 club.
Robin roars a battlecry!
The goblin goes into a battle-frenzy!
You hear a shout! x2
The goblin shoots a sling bullet.
The sling bullet hits you.
A goblin comes into view. It is wielding a +0 club.
Robin throws the goblin at you!
A goblin comes into view. It is wielding a +0 club.
The goblin unwields a +0 sling.
The goblin wields a +0 dagger.
The goblin hits you with a +0 dagger.
* * * LOW HITPOINT WARNING * * *
You hit the goblin.
The goblin is moderately wounded.
The goblin hits you with a +0 club.
You die...

#.# #.# # #.#.#
###.#. g.g. ..#
.##.##########g###.#
......g@g.))(g.....#
###.##########.#####
#<# ###


You could see Robin and 3 goblins.

Vanquished Creatures
  A dart slug (D:1)
  A ball python (D:1)
  5 endoplasms (D:1)
  A giant cockroach (D:1)
  6 goblins
  4 hobgoblins (D:1)
  A frilled lizard (D:2)
  4 kobolds (D:1)
  3 rats
26 creatures vanquished.

Vanquished Creatures (others)
  A goblin (D:2)
1 creature vanquished.

Grand Total: 27 creatures vanquished

Notes
Turn   | Place    | Note
-------+----------+-------------------------------------------
     0 | D:1      | styxcanada the Spriggan Brigand began the quest for the
                  | Orb.
     0 | D:1      | Reached XP level 1. HP: 10/10 MP: 2/2
    40 | D:1      | Reached skill level 6 in Stealth
    56 | D:1      | Found a faded altar of an unknown god.
   210 | D:1      | Reached XP level 2. HP: 12/14 MP: 3/3
  1126 | D:2      | Reached XP level 3. HP: 14/18 MP: 4/4
  1135 | D:2      | Noticed Robin
  1144 | D:2      | Slain by a goblin

Illustrated notes

Levels and vault maps discovered:
D:1:      eino_arrival_druids_welcome, layout_loops_ring, basic_ecumenical_altar
D:2:      layout_basic, serial_shops, shop, kennysheep_generic_room_13,
          uniq_robin

Skill      XL: |  1 |
---------------+----+-----
Stealth        | 6 |  6.9
Dodging        | 2 |  2.2
Fighting       | |  1.8
Short Blades   | |  2.2
Throwing       | |  2.1

Action                   || total
-------------------------++-------
Melee: Dagger            ||    58
Throw: Dart              ||     8
 Stab: Distracted        ||     1
       Sleeping          ||     4
Armor: Robe              ||     4
Dodge: Dodged            ||    30
